 Dungeon Crawl Stone Soup version 0.28-a0-422-gd71735cc25 (webtiles) character file.

Game seed: 17204364481131832398

732 gruber the Firebug (level 7, -8/59 HPs)
             Began as an Ogre Fire Elementalist on Sept 8, 2021.
             Mangled by Duvessa (14 damage)
             ... on level 4 of the Dungeon.
             The game lasted 00:06:56 (4720 turns).

gruber the Firebug (Ogre Fire Elementalist)         Turns: 4720, Time: 00:06:57

Health: -8/59      AC:  3    Str: 19    XL:     7   Next: 73%
Magic:  14/14      EV:  9    Int: 18    God:
Gold:   193        SH:  5    Dex:  9    Spells: 13/16 levels left

rFire   . . .      SeeInvis .   (no weapon)
rCold   . . .      Faith    .   (no shield)
rNeg    . . .      Spirit   .   a - +0 robe
rPois   .          Reflect  +   (helmet restricted)
rElec   .          Harm     .   (no cloak)
rCorr   +          Rampage  .   (gloves unavailable)
Will    .....                   (boots unavailable)
Stlth   +.........              h - amulet of reflection
HPRegen 0.19/turn               f - +6 ring of strength
MPRegen 0.14/turn               i - ring of resist corrosion

@: no status effects
A: large, unfitting armour, tough skin 1
a: no special abilities


You were on level 4 of the Dungeon.
You visited 1 branch of the dungeon, and saw 5 of its levels.

You collected 193 gold pieces.

Inventory:

Armour
 a - a +0 robe (worn)
Jewellery
 f - a +6 ring of strength (left hand)
 h - an amulet of reflection (around neck)
 i - a ring of resist corrosion (right hand)
 k - a ring of see invisible
Wands
 m - a wand of flame (16)
 o - a wand of polymorph (11)
Scrolls
 b - 2 scrolls of blinking {unknown}
 c - 3 scrolls of identify {unknown}
 j - 3 scrolls of teleportation {unknown}
 l - a scroll of noise {unknown}
Potions
 d - 3 potions of curing {unknown}
 e - 2 potions of flight {unknown}
 g - a potion of ambrosia {unknown}
 n - 2 potions of heal wounds {unknown}
 p - a potion of might {unknown}


   Skills:
 - Level 1.7 Dodging
 - Level 1.4 Stealth
 - Level 5.0 Spellcasting
 + Level 3.8 Conjurations
 + Level 5.9 Fire Magic


You had 13 spell levels left.
You knew the following spells:

 Your Spells              Type           Power      Damage    Failure   Level
a - Foxfire               Conj/Fire      88%        2x1d8     1%          1
b - Scorch                Fire           52%        2d7       1%          2

Your spell library contained the following spells:

 Spells                   Type           Power      Damage    Failure   Level
 Conjure Flame            Conj/Fire      22%        6-21      5%          3
 Inner Flame              Hex/Fire       15%        N/A       12%         3
 Beastly Appendage        Tmut           8%         N/A       13%         1
 Flame Wave               Conj/Fire      22%        3d6       17%         4
 Wereblood                Tmut           4%         N/A       21%         2
 Spider Form              Tmut/Pois      2%         N/A       36%         3


Dungeon Overview and Level Annotations

Branches:
Dungeon (5/15)
 Temple: D:4-7

Altars:
Ashenzari

Annotations:
D:4 Dowan, Duvessa


Innate Abilities, Weirdness & Mutations

You are too large for most types of armour.
You have tough skin. (AC +1)


Message History

Duvessa shouts!
Dowan shouts!
Duvessa misses you.
You hear a shout!
You climb upwards.
There is a stone staircase leading down here.
Okay, then.
Unknown command.
Done exploring.
Done exploring.
Done exploring.
(D) Dungeon
Where to? (Enter - D:5, ? - help)
You climb downwards.
Level annotation: Dowan, Duvessa Dowan says, "My weaknesses are her strengths!"
Duvessa hits you with a +0 rapier!
There is a stone staircase leading up here.
Dowan says, "My weaknesses are her strengths!"
Dowan drinks a potion.
Dowan seems to speed up.
Duvessa hits you with a +0 rapier.
You climb upwards.
There is a stone staircase leading down here.
Unknown command.
Unknown command.
Dowan casts a spell at you. The puff of flame hits you!
Duvessa hits you with a +0 rapier!
Dowan casts a spell at Duvessa.
Duvessa seems to speed up.
Dowan zaps a wand.
The puff of flame misses you. Duvessa hits you with a +0 rapier!
Dowan casts a spell.
Dowan blinks!
Duvessa barely misses you.
Dowan mumbles some strange words.
Dowan blinks!
Duvessa hits you with a +0 rapier!
* * * LOW HITPOINT WARNING * * *
Dowan casts a spell.
Dowan blinks!
Duvessa hits you with a +0 rapier!
You die...

##...##..##..##.##.###..##..#####
##...##......................#...
#.....†......................#...
##...##..##..................#...
#...######..###..###...##..#####
##### #..###..########).#
#...#.........'...#
#...#.........#...#
###.##@#####..#####
#..._e.#############
#..#.#........#....#
#......§......#....#
#...#.........#....#
#...#......>..'..>.#
#...#.........#....#
####################


You could see Duvessa (fast).

Vanquished Creatures
  An ogre (D:4)
  2 scorpions (D:4)
  4 killer bees (D:4)
  A bullfrog skeleton (D:4)
  An orc priest (D:4)
  Ijyb (D:3)
  Natasha (thrice) (D:2)
  Robin (D:3)
  4 gnolls (D:4)
  5 adders
  A worm (D:4)
  2 dart slugs (D:1)
  8 orcs
  8 ball pythons
  A bat (D:3)
  7 endoplasms
  3 giant cockroaches
  9 hobgoblins
  6 jackals
  7 kobolds
  2 quokkas (D:3)
  4 frilled lizards (D:2)
  14 goblins
  5 rats
100 creatures vanquished.

Vanquished Creatures (others)
  384 foxfires
384 creatures vanquished.

Grand Total: 484 creatures vanquished

Notes
Turn   | Place    | Note
-------+----------+-------------------------------------------
     0 | D:1      | gruber the Ogre Fire Elementalist began the quest for the
                  | Orb.
     0 | D:1      | Reached XP level 1. HP: 16/16 MP: 3/3
   166 | D:1      | Reached XP level 2. HP: 24/24 MP: 0/5
   355 | D:1      | Reached skill level 1 in Conjurations
  1075 | D:2      | Reached XP level 3. HP: 31/31 MP: 4/7
  1556 | D:2      | Reached XP level 4. HP: 39/39 MP: 3/9
  1607 | D:2      | Noticed Natasha
  1612 | D:2      | Killed Natasha
  1704 | D:2      | Found a faded altar of an unknown god.
  2316 | D:3      | Learned a level 2 spell: Scorch
  2358 | D:2      | Noticed Natasha
  2361 | D:2      | Killed Natasha
  2362 | D:2      | Reached XP level 5. HP: 45/45 MP: 5/10
  2439 | D:2      | Noticed Natasha
  2458 | D:2      | Killed Natasha
  2745 | D:3      | Noticed Robin
  2755 | D:3      | Killed Robin
  2914 | D:3      | Noticed Ijyb
  2924 | D:3      | Killed Ijyb
  3004 | D:3      | Reached XP level 6. HP: 42/53 MP: 0/12
  3620 | D:4      | Reached skill level 5 in Spellcasting
  3936 | D:4      | Reached XP level 7. HP: 56/59 MP: 9/14
  3938 | D:4      | Reached skill level 5 in Fire Magic
  4141 | D:4      | Found a broken altar of Ashenzari.
  4707 | D:5      | Entered Level 5 of the Dungeon
  4707 | D:5      | Noticed Duvessa
  4707 | D:5      | Noticed Dowan
  4720 | D:4      | Mangled by Duvessa

Illustrated notes

Levels and vault maps discovered:
D:1:      wander_arrival_abandoned_jail, layout_rooms,
          corexii_item_surrounded_by_moat, minmay_strange_pillars
D:2:      layout_loops_ring, shapermc_ecumenical_altar_pompeii,
          minmay_misc_feat_enclosed, st_stairs_10, uniq_natasha
D:3:      layout_basic, uniq_robin, uniq_ijyb
D:4:      layout_gridville, ashenzari_altar_1
D:5:      layout_loops_cross, nicolae_ru_the_path_less_chosen, uniq_edmund,
          uniq_duvessa

Skill      XL: |  1  2  3  4  5  6  7 |
---------------+----------------------+-----
Fire Magic     | 3 4 5 |  5.9
Conjurations   | 1 2 3 |  3.8
Spellcasting   | 3 4 5 |  5.0
Dodging        | |  1.7
Stealth        | |  1.4

Action                   |  1- 3 |  4- 6 |  7- 9 || total
-------------------------+-------+-------+-------++-------
Melee: Unarmed           |    10 |    12 |       ||    22
 Cast: Foxfire           |    74 |   119 |    34 ||   227
       Scorch            |       |    19 |     6 ||    25
Armor: Robe              |     7 |     7 |     3 ||    17
Dodge: Dodged            |    10 |    16 |    16 ||    42
Block: Other             |     1 |    12 |     9 ||    22
       Reflection        |       |     2 |     1 ||     3

Table legend: (Time is in decaauts)
 A = Elapsed time spent in this place.
 B = Non-inter-level travel time spent in this place.
 C = Inter-level travel time spent in this place.
 D = Time resting spent in this place.
 E = Time spent auto-exploring this place.
 F = Levels seen in this place.
 G = Mean time per level.
                   A        B        C        D        E       F      G
               +--------+--------+--------+--------+--------+-----+--------+
         Total |   4723 |   4507 |    216 |      8 |   3812 |   5 |  944.6 |
       Dungeon |   4723 |   4507 |    216 |      8 |   3812 |   5 |  944.6 |
               +--------+--------+--------+--------+--------+-----+--------+

Top non-repeatable levels by time:
     D:2: 1619 daAuts
     D:4: 1288 daAuts
     D:1: 1013 daAuts
     D:3: 797 daAuts
     D:5: 4 daAuts
